Cogmind - Beta 15 @@@ ROGUE MODE // 2025.06.23 @ 13:52:15 Player: 7604 Result: Destroyed by TS-23G(R) with Subdweller Machine Gun Performance ------------- Evolutions (2) 1000 Regions Visited (5) 1000 Robots Destroyed (95) 475 Value Destroyed (3023) 3023 Prototype IDs (7) 140 Alien Tech Used (0) 0 Bonus (0) 0 TOTAL SCORE: 5638 Bonus ------- None Cogmind --------- Core Integrity 0/550 Matter 300/300 Energy 265/265 System Corruption 1% Temperature Cool (92) Movement Treading (160) Location -8/Recycling Parts ------- > --- POWER (1) -------- Improved Ion Engine > --- PROPULSION (5) --- Light Treads Light Treads Light Treads Light Treads Light Treads > --- UTILITY (3) ------ Improved Heat Sink High-capacity Storage Unit Hardened Medium Armor Plating > --- WEAPON (2) ------- Subdweller Beam Cannon Ion Cannon > --- INVENTORY (20) --- Meta Core Heat Sink Structural Scanner Hardened Light Armor Plating Reflective Plating Rocket Launcher Improved Datajack Plasma Cutter Multitool Peak State ------------ > --- POWER ------------ Light Nuclear Core > --- PROPULSION ------- Light Treads Armored Treads Aerolev Unit Aerolev Unit Aerolev Unit > --- UTILITY ---------- High-capacity Storage Unit Structural Scanner Seismic Detector > --- WEAPON ----------- Battle Cannon Slug Cannon > --- INVENTORY -------- Ion Engine Subdweller Power Source Subdweller Power Source Meta Core Aerolev Unit Seismic Detector Reflective Plating Reflective Plating Riot Gun Riot Gun Subdweller Beam Cannon Subdweller Beam Cannon Subdweller Beam Cannon Battle Rifle Subdweller Machine Gun Rocket Launcher Rocket Launcher Multitool Flamer [Rating: 33] Favorites ----------- Power Subdweller Power Source Engine Subdweller Power Source Power Core Light Nuclear Core Propulsion Light Treads Treads Light Treads Leg Aluminum Leg Wheel Wheel Hover Unit Aerolev Unit Utility High-capacity Storage Unit Device Seismic Detector Storage High-capacity Storage Unit Protection Reflective Plating Weapon Subdweller Beam Cannon Energy Gun Small Laser Energy Cannon Subdweller Beam Cannon Ballistic Gun Assault Rifle Ballistic Cannon Slug Cannon Launcher Rocket Launcher Special Weapon Flamer Build | -11 -10 -10 -8 -8 -8 ------- Run | Yrd Mat Sub Mat Sto Rec Slots Evolved 4 | . . . 4 . . Power . | . . . . . . Propulsion 3 | . . . 3 . . Utility 1 | . . . 1 . . Weapon . | . . . . . . Parts Attached 74 | 1 8 8 31 25 1 Power 7 | . . 1 3 3 . Engine 5 | . . 1 1 3 . Core 2 | . . . 2 . . Reactor . | . . . . . . Propulsion 31 | . 2 3 12 13 1 Treads 18 | . 2 1 3 11 1 Leg 2 | . . . 2 . . Wheel 5 | . . 2 3 . . Hover 6 | . . . 4 2 . Flight . | . . . . . . Utility 12 | 1 2 1 5 3 . Device 7 | 1 . 1 3 2 . Storage 2 | . 2 . . . . Processor . | . . . . . . Hackware . | . . . . . . Protection 3 | . . . 2 1 . Artifact . | . . . . . . Weapon 24 | . 4 3 11 6 . Energy Gun 4 | . . . 1 3 . Energy Cannon 7 | . . 3 3 1 . Ballistic Gun 5 | . 1 . 3 1 . Ballistic Cannon 3 | . 1 . 2 . . Launcher 3 | . 2 . 1 . . Special Weapon 2 | . . . 1 1 . Impact Weapon . | . . . . . . Slashing Weapon . | . . . . . . Piercing Weapon . | . . . . . . Special Melee Weapon . | . . . . . . Unidentified Prototypes 7 | . . . 1 6 . Parts Lost 21 | . . 4 14 3 . Power 3 | . . . 2 1 . Propulsion 10 | . . 3 7 . . Utility 3 | . . . 2 1 . Weapon 5 | . . 1 3 1 . Highest Loss Streak 7 | . . 3 7 1 . To Critical Strikes 1 | . . 1 . . . Average Backups 16 | 6 7 19 18 19 13 Power 2 | 1 1 2 2 1 . Propulsion 2 | 4 2 3 . 2 . Utility 2 | . 1 2 3 3 4 Weapon 8 | 1 2 10 9 8 4 Tool/Special . | . . . . . . Unused Backups 21 | . 3 5 3 4 6 Power 4 | . . 1 1 1 1 Propulsion 3 | . 2 . . 1 . Utility 5 | . 1 . 1 2 1 Weapon 6 | . . 4 1 . 1 Tool/Special 3 | . . . . . 3 Average Slot Usage (%) 96 | . 99 99 86 99 100 Engine 10 | . 14 14 2 8 9 Core 1 | . . . 5 . . Treads 24 | . 24 26 12 35 45 Leg 1 | . 3 . . 2 . Wheel 3 | . . . 8 3 . Hover 3 | . . . 12 2 . Device 13 | . 13 14 15 9 9 Storage 11 | . 14 14 9 9 9 Protection 2 | . . . 1 8 8 Energy Gun 2 | . 11 . . . . Energy Cannon 13 | . . 25 7 17 18 Ballistic Gun 3 | . 13 . 1 . . Ballistic Cannon 2 | . 2 2 6 . . Peak Build Rating 33 | 7 9 14 33 30 25 Average Rating 17 | 6 7 13 25 25 22 On Entrance 14 | 6 7 9 14 26 25 Naked Turns . | . . . . . . Heaviest Build 70 | 12 51 62 64 70 70 Greatest Support 100 | 20 40 40 63 100 100 Greatest Overweight (x) 6 | . 1 2 6 2 . Average Overweight (x) . | . . 1 1 . . Largest Inventory Capacity 20 | 8 20 20 20 20 20 Average Capacity 19 | 8 15 20 20 20 20 Most Carried 20 | 7 16 20 20 20 20 Average Carried 16 | 6 7 19 18 19 13 Final Capacity 20 | 8 20 20 20 20 20 Final Carried 20 | 6 16 17 20 20 9 Class Distribution -------------------- 53% | Scavenger-Mutant 46% | Mutant Dominant Class ---------------- Mutant | -10/Materials Scavenger-Mutant | -10/Subcaves Mutant | -8/Materials Scavenger-Mutant | -8/Storage Scavenger-Mutant | -8/Recycling Resources | -11 -10 -10 -8 -8 -8 ----------- Run | Yrd Mat Sub Mat Sto Rec Matter Collected 2103 | 228 195 260 643 698 79 Remotely . | . . . . . . Salvage Created 2930 | 82 239 590 887 955 177 Parts 192 | 6 28 38 51 58 11 Haulers Intercepted 2 | . 1 . . 1 . Recyclers Shooed . | . . . . . . Parts Field Recycled . | . . . . . . Retrieved Matter . | . . . . . . Parts Self-Destructed 8 | . . 8 . . . Prevented . | . . . . . . Kills | -11 -10 -10 -8 -8 -8 ------- Run | Yrd Mat Sub Mat Sto Rec Combat Hostiles Destroyed 78 | . 11 13 32 18 4 Guns 10 | . 4 2 4 . . Cannons 41 | . 1 9 13 14 4 AOE 24 | . 6 . 15 3 . Classes Destroyed 15 | 2 6 2 3 1 1 Worker 3 | . 1 . 2 . . Builder 5 | . 2 . 2 1 . Tunneler 3 | 1 1 . 1 . . Hauler 2 | . 1 . . 1 . Recycler 1 | 1 . . . . . Watcher 3 | . 1 . 2 . . Swarmer 19 | . 9 . 10 . . Grunt 21 | . 2 . 13 6 . Brawler 2 | . . . 2 . . Duelist 1 | . . . 1 . . Protector 1 | . . . . . 1 Sentry 18 | . . . 6 10 2 Hunter 2 | . . . . 2 . Artisan 1 | . . 1 . . . Subdweller 14 | . . 13 . . 1 Best Kill Streak 7 | 2 4 4 7 4 2 Combat Bots Only 7 | . 3 4 7 3 2 Max Kills in Single Turn 4 | 1 4 1 3 2 1 Gunslinging . | . . . . . . Exploded 3 | . 3 . 3 1 . Melee . | . . . . . . Uniques/NPCs Destroyed . | . . . . . . Combat | -11 -10 -10 -8 -8 -8 -------- Run | Yrd Mat Sub Mat Sto Rec Hostile Shots Fired 330 | . 24 45 187 58 16 Missed 91 | . 5 20 40 21 5 Hits 239 | . 19 25 147 37 11 Melee 3 | . . . 3 . . Projectile 236 | . 19 25 144 37 11 AOE 3 | . . 3 . . . Critical Strikes 4 | . . 1 2 . 1 Damage Taken 4353 | . 241 661 2504 689 258 Core 760 | . 31 163 473 70 23 Absorbed by Shields . | . . . . . . Ignored by Resistances 61 | . . . 47 14 . Regen/Repaired (Parts) 56 | . . . . 56 . Core Remaining (%) 61 | 100 . 22 . . . Volleys Fired 257 | 6 30 49 103 53 16 Largest 2 | 2 2 2 2 2 2 Hottest 160 | 60 60 160 150 140 140 Shots Fired 413 | 12 52 83 146 91 29 Gun 91 | 12 42 8 21 8 . Cannon 285 | . 4 75 98 79 29 Launcher 23 | . 6 . 13 4 . Special 14 | . . . 14 . . Kinetic 106 | 6 28 21 51 . . Thermal 258 | 6 18 62 64 79 29 Explosive 23 | . 6 . 13 4 . Electromagnetic 26 | . . . 18 8 . Robot Hit Streak 22 | 3 13 22 13 8 11 Robot Miss Streak 4 | 1 3 2 4 3 1 Penetration Max . | . . . . . . Secondary Targets . | . . . . . . Shots Hit Robots 246 | 8 26 51 95 43 23 Core Hits 132 | 3 17 14 64 29 5 Critical Kills 4 | . . 3 1 . . Critical Parts Destroyed 3 | . . . 3 . . Critical Strikes 10 | . . 3 7 . . Burn 1 | . . . 1 . . Meltdown 2 | . . 2 . . . Destroy 6 | . . 1 5 . . Blast 1 | . . . 1 . . Melee Attacks . | . . . . . . Impact . | . . . . . . Slashing . | . . . . . . Piercing . | . . . . . . Sneak Attacks . | . . . . . . Combat Hostiles . | . . . . . . Follow-up Attacks . | . . . . . . Damage Inflicted 7595 | 94 844 1163 3585 1353 556 Guns 937 | 94 290 94 335 124 . Cannons 4013 | . 50 1069 1452 886 556 Explosions 2487 | . 504 . 1640 343 . Melee . | . . . . . . Ramming 23 | . . . 23 . . Kinetic 1303 | 27 270 240 766 . . Thermal 3569 | 67 70 923 1013 940 556 Explosive 2302 | . 504 . 1509 289 . Electromagnetic 398 | . . . 274 124 . Impact . | . . . . . . Slashing . | . . . . . . Piercing . | . . . . . . Highest Corruption 1 | . . . . 1 1 Average Corruption 1 | . . . . 1 1 Corruption Purged . | . . . . . . Corruption Blocked . | . . . . . . Effects 6 | . . . . 6 . Message Errors 2 | . . . . 2 . Matter Fused 1 | . . . . 1 . Heat Flow Errors 1 | . . . . 1 . Parts Rejected 1 | . . . . 1 . Data Loss (minor) 1 | . . . . 1 . Overload Shots . | . . . . . . Overflow Damage 149 | . 11 . 128 . 10 Projectiles 29 | . . . 19 . 10 Explosions 120 | . 11 . 109 . . Melee . | . . . . . . Knockbacks 9 | . 4 3 2 . . Impact . | . . . . . . Kinetic 8 | . 3 3 2 . . Secondary 1 | . 1 . . . . Self-Inflicted Damage 396 | . 81 . 302 13 . Shots 13 | . 3 . 9 1 . Rammed 7 | . . . 7 . . Targets Rammed 8 | . 1 . 7 . . Kicked . | . . . . . . Crushed 1 | . 1 . . . . Highest Temperature 525 | . 4 234 379 267 525 Average Temperature 88 | . 3 57 103 61 129 Received Heat Transfer 1674 | . 18 69 1062 180 345 Effects 7 | . . . 3 . 4 Interference 2 | . . . 2 . . Short Circuit 2 | . . . 1 . 1 Damage (major) 3 | . . . . . 3 Siege Activations . | . . . . . . Martial Activations . | . . . . . . Shielding Activations . | . . . . . . Robots Disrupted 1 | . . . 1 . . Combat Hostiles . | . . . . . . Robots Corrupted 1 | . . . . 1 . Combat Hostiles 1 | . . . . 1 . Parts Fried 2 | . . . 1 1 . Impact Corruptions . | . . . . . . Robots Melted 2 | . . 2 . . . Combat Hostiles 2 | . . 2 . . . Parts Melted 16 | . . 6 7 1 2 Heat Transferred 5987 | 150 150 1221 2280 1382 804 Parts Sabotaged . | . . . . . . Parts Stolen . | . . . . . . Parts Stripped . | . . . . . . Power Chain Reactions 3 | . . . 2 1 . Alert | -11 -10 -10 -8 -8 -8 ------- Run | Yrd Mat Sub Mat Sto Rec Maximum Alert Level 1 | . . . 1 1 . Low Security (%) 80 | 100 100 . 91 29 100 Level 1 19 | . . . 8 70 . Level 2 . | . . . . . . Level 3 . | . . . . . . Level 4 . | . . . . . . Level 5 . | . . . . . . High Security . | . . . . . . Max Security . | . . . . . . Peak Influence 397 | 10 98 . 280 397 177 Initial 142 | . . . . 113 142 Average 110 | 4 38 . 87 249 141 Influence Increases 2339 | 10 455 . 1056 712 106 Destroy 0b10 Robot/C 1260 | . 220 . 640 360 40 Destroy 0b10 Robot/NC 90 | 10 30 . 35 10 5 Destroy Leader 330 | . 44 . 154 132 . Successful Hack 66 | . 20 . 32 14 . Select Force Hacks 90 | . 30 . . . 60 Disable Machine 180 | . 15 . 45 120 . Destroy Structure 188 | . 36 . 105 46 1 Partial Spotted 45 | . 15 . 30 . . Lose Combat Pursuer 90 | . 45 . 15 30 . Influence Decreases 2231 | 10 369 86 786 615 365 Entered New Map 424 | . . 42 . 157 225 Time Decay 1497 | 10 369 44 506 428 140 Lost Part 160 | . . . 130 30 . Purge Threat 150 | . . . 150 . . Squads Dispatched 11 | . 3 . 6 2 . Investigation 4 | . 2 . 1 1 . Extermination . | . . . . . . Reinforcement 4 | . 1 . 2 1 . Assault . | . . . . . . Garrison 3 | . . . 3 . . Intercept . | . . . . . . Searches Triggered . | . . . . . . Construction Impeded 1 | . . . 1 . . Haulers Reinforced . | . . . . . . Active Scanning Responses . | . . . . . . Cargo Convoy Interrupts . | . . . . . . Stealth | -11 -10 -10 -8 -8 -8 --------- Run | Yrd Mat Sub Mat Sto Rec Distress Signals 9 | . 1 . 4 3 1 Communications Jammed . | . . . . . . Distress Signals . | . . . . . . Times Spotted 112 | . 16 14 47 30 5 Peak Tracking Total 5 | . 4 3 5 4 2 Tactical Retreats 5 | . 2 . 1 2 . Traps | -11 -10 -10 -8 -8 -8 ------- Run | Yrd Mat Sub Mat Sto Rec Traps Triggered 6 | . 1 . 2 3 . Indirectly . | . . . . . . Trap Hack Attempts . | . . . . . . Triggered . | . . . . . . Disarmed . | . . . . . . Reprogrammed . | . . . . . . Reused . | . . . . . . Traps Extracted . | . . . . . . Installed . | . . . . . . Triggered . | . . . . . . Machines | -11 -10 -10 -8 -8 -8 ---------- Run | Yrd Mat Sub Mat Sto Rec Machines Disabled 12 | . 1 . 3 8 . Max in Single Turn 1 | . 1 . 1 1 . Machines Repaired . | . . . . . . Machines Dismantled 1 | . . . . 1 . Machines Sabotaged . | . . . . . . Overloaded Fab Kills . | . . . . . . Hacking | -11 -10 -10 -8 -8 -8 --------- Run | Yrd Mat Sub Mat Sto Rec Machines Accessed 30 | . 7 1 6 12 4 Terminals 20 | . 6 . 5 8 1 Fabricators . | . . . . . . Repair Stations 2 | . . . . 2 . Recycling Units 5 | . 1 . . 1 3 Scanalyzers . | . . . . . . Garrison Access 2 | . . . 1 1 . Total Hacks 100 | . 24 3 26 28 19 Successful 45 | . 13 3 10 11 8 Failed 54 | . 10 . 16 17 11 Catastrophic 6 | . 1 . 1 4 . Database Lockouts 1 | . 1 . . . . Manual 51 | . 17 . 21 5 8 Terminals 71 | . 22 . 21 20 8 Fabricators . | . . . . . . Repair Stations 4 | . . . . 4 . Recycling Units 15 | . 2 . . 2 11 Scanalyzers . | . . . . . . Garrison Access 7 | . . . 5 2 . Terminal Hacks 18 | . 4 3 3 6 2 Record 3 | . . 3 . . . Robot Analysis 1 | . 1 . . . . Open Door 4 | . . . . 4 . Branch Access Points 2 | . . . 1 1 . Alert Level 1 | . . . . . 1 Unreport Threat 1 | . . . 1 . . Locate Traps 2 | . 2 . . . . Hauler Manifests 1 | . 1 . . . . Zone Layout 3 | . . . 1 1 1 Fabricator Hacks . | . . . . . . Repair Station Hacks 3 | . . . . 3 . Scan Component 2 | . . . . 2 . Repair 1 | . . . . 1 . Recycling Unit Hacks 3 | . 1 . . . 2 Retrieve Components 3 | . 1 . . . 2 Scanalyzer . | . . . . . . Garrison Access Hacks . | . . . . . . Unauthorized Hacks 21 | . 8 . 7 2 4 Terminals 17 | . 7 . 7 2 1 Track 4 | . . . 1 2 1 Botnet 3 | . 1 . 2 . . Operators 2 | . 1 . 1 . . Skim 8 | . 5 . 3 . . Fabricators . | . . . . . . Repair Stations . | . . . . . . Recycling Units 4 | . 1 . . . 3 Mask 1 | . . . . . 1 Tunnel 3 | . 1 . . . 2 Scanalyzers . | . . . . . . Garrison Access . | . . . . . . Data Cores Recovered . | . . . . . . Used . | . . . . . . Hacking Detections 25 | . 5 . 6 11 3 Full Trace Events . | . . . . . . Feedback Events . | . . . . . . Feedback Blocked . | . . . . . . Robot Schematics Acquired . | . . . . . . Robots Built . | . . . . . . Authchips . | . . . . . . Time . | . . . . . . Total Robot Build Rating . | . . . . . . Part Schematics Acquired . | . . . . . . Parts Built . | . . . . . . Authchips . | . . . . . . Time . | . . . . . . Total Part Build Rating . | . . . . . . Parts Repaired 1 | . . . . 1 . Time 32 | . . . . 32 . Parts Recycled . | . . . . . . Recycled Matter . | . . . . . . Retrieved Matter . | . . . . . . Retrieved Components 6 | . 4 . . . 2 Parts Scanalyzed . | . . . . . . Part Schematics Acquired . | . . . . . . Parts Damaged . | . . . . . . Bothacking | -11 -10 -10 -8 -8 -8 ------------ Run | Yrd Mat Sub Mat Sto Rec Used RIF Installer . | . . . . . . Robots Hacked . | . . . . . . Non-combat . | . . . . . . Combat . | . . . . . . Robot Hacks Applied . | . . . . . . Relay Couplers Released . | . . . . . . Fabnet Peak Effective % . | . . . . . . Robots Rewired . | . . . . . . Allies Hacked . | . . . . . . Hacks Repelled . | . . . . . . Allies | -11 -10 -10 -8 -8 -8 -------- Run | Yrd Mat Sub Mat Sto Rec Total Allies . | . . . . . . Largest Group . | . . . . . . Highest-Rated Group . | . . . . . . Highest-Rated Ally . | . . . . . . Total Orders . | . . . . . . Ally Attacks . | . . . . . . Total Damage . | . . . . . . Kills . | . . . . . . Allies Corrupted . | . . . . . . Allies Melted . | . . . . . . Intel | -11 -10 -10 -8 -8 -8 ------- Run | Yrd Mat Sub Mat Sto Rec Active Infowar (turns) 6060 | 3 1431 2597 1879 150 . Structural 1710 | . . 71 1489 150 . Seismic 5763 | 3 1431 2526 1754 49 . Robot Analysis Total 1 | . 1 . . . . Derelict Logs Recovered 1 | . . 1 . . . Drone Launches . | . . . . . . Drone Recoveries . | . . . . . . Exploration | -11 -10 -10 -8 -8 -8 ------------- Run | Yrd Mat Sub Mat Sto Rec Turns Passed 7459 | 25 1468 2597 2024 1054 291 Spaces Moved 2844 | 5 544 1001 707 462 125 Core . | . . . . . . Treads 2251 | . 435 941 375 375 125 Legs 114 | 5 109 . . . . Wheels 473 | . . 60 326 87 . Hover 6 | . . . 6 . . Flight . | . . . . . . Fastest Speed 110 | 120 120 120 110 120 160 Average Speed 189 | 120 169 232 174 152 160 Slowest Speed 410 | 120 240 240 410 240 160 Overloaded Moves . | . . . . . . Propulsion Burnouts . | . . . . . . Robots Hopped . | . . . . . . Potential Cave-ins . | . . . . . . Cave-ins Triggered . | . . . . . . Exploration Rate (%) 51 | 2 93 58 60 70 25 Regions Visited 5 Branch Regions 3 Pre-discovered Areas 5 | . 3 . . . 2 Known Exits Taken 4 | . 1 1 1 1 . Unknown Exits Taken 1 | 1 . . . . . Scrap Searched 2 | . . 2 . . . Spaces Dug 108 | . 33 3 52 20 . Terrain Destroyed 194 | . 37 10 94 52 1 Melee . | . . . . . . Projectile 52 | . . 10 25 16 1 AOE 142 | . 37 . 69 36 . Terrain Rammed . | . . . . . . Walls Destroyed . | . . . . . . Machines Disabled . | . . . . . . Actions | -11 -10 -10 -8 -8 -8 --------- Run | Yrd Mat Sub Mat Sto Rec Total 4439 | 12 1034 1191 1308 703 191 Wait 1065 | . 429 107 403 91 35 Move 2839 | 4 543 1000 706 461 125 Hop . | . . . . . . Pick Up 59 | 1 11 13 19 15 . Fast Attach 29 | . . 2 13 14 . Attach 23 | 1 2 4 14 2 . Detach 8 | . 2 2 4 . . Swap 79 | . 13 3 31 29 3 Drop 64 | . 3 11 8 30 12 Fire 257 | 6 30 49 103 53 16 Melee . | . . . . . . Ram . | . . . . . . Kick . | . . . . . . Crush 8 | . 1 . 7 . . Escape Stasis . | . . . . . . Rewire . | . . . . . . Trap . | . . . . . . Miscellaneous 8 | . . . . 8 . Route ------- -11/Scrapyard -10/Materials (discovered 5 exits: *Mat x3 / [*Min] / *Sub) -10/Subcaves (discovered 3 exits: *Mat x2 / Rec) -8/Materials (discovered 5 exits: *Fac x3 / *Sto x2) -8/Storage (discovered 2 exits: *Fac / *Rec) -8/Recycling History --------- Turn | Location | Event 20 | -11/Scrapyard | Discovered new exit (range 1) 26 | -11/Scrapyard | Entered Materials 164 | -10/Materials | Discovered new exit (range 15) 289 | -10/Materials | Discovered new exit (range 12) 304 | -10/Materials | Build established: Mutant 1022 | -10/Materials | Discovered new exit (range 9) 1159 | -10/Materials | Discovered new exit (range 11) 1206 | -10/Materials | Identified exit to Subcaves 1274 | -10/Materials | Learned location of 2 exits from Subcaves 1276 | -10/Materials | Loaded intel: 16 trap records 1277 | -10/Materials | Identified exit to Materials 1278 | -10/Materials | Learned location of 2 exits from Subcaves 1279 | -10/Materials | Learned 4 Subcaves zone layouts 1341 | -10/Materials | Central database locked down 1494 | -10/Materials | Entered Subcaves 1495 | -10/Subcaves | Identified exit to Materials 1496 | -10/Subcaves | Identified exit to Recycling 1515 | -10/Subcaves | Learned location of 1 exit from Materials 1540 | -10/Subcaves | Shifting Twisted Machinery released Flamer 1609 | -10/Subcaves | Shifting Twisted Machinery released Slug Cannon 2173 | -10/Subcaves | A Subdweller sparked back to life 2173 | -10/Subcaves | A Subdweller sparked back to life 2173 | -10/Subcaves | A Subdweller sparked back to life 2199 | -10/Subcaves | Build established: Scavenger-Mutant 2213 | -10/Subcaves | Found Prototype Power Core 2541 | -10/Subcaves | Shifting Twisted Machinery released Sub. Machine Gun 2554 | -10/Subcaves | Shifting Twisted Machinery released Sub. Beam Cannon 3188 | -10/Subcaves | Visited Clippyterm 3195 | -10/Subcaves | Learned Research security intel 3677 | -10/Subcaves | Shifting Twisted Machinery released Sub. Power Source 3684 | -10/Subcaves | Shifting Twisted Machinery released Multitool 3779 | -10/Subcaves | Disturbed a concealed Subdweller 3996 | -10/Subcaves | Core integrity fell below 50% 4032 | -10/Subcaves | Lost 3 parts (2n1w) 4091 | -10/Subcaves | Entered Materials 4091 | -8/Materials | Evolved 4 slots: Propulsion x3, Utility x1 4092 | -8/Materials | Identified exit to Factory 4245 | -8/Materials | Destroyed 7 combat bots 4464 | -8/Materials | Build established: Mutant 4554 | -8/Materials | Identified exit to Storage 4625 | -8/Materials | Discovered exit to Factory (range 10) 5363 | -8/Materials | Core integrity fell below 50% 5364 | -8/Materials | Garrison activated, responded to threat 5407 | -8/Materials | Lost 7 parts (1p5n1w) 5745 | -8/Materials | Discovered exit to Factory (range 14) 5898 | -8/Materials | Build established: Scavenger-Mutant 6008 | -8/Materials | Core integrity fell below 20% 6043 | -8/Materials | Lost 3 parts (1n1u1w) 6115 | -8/Materials | Entered Storage 6772 | -8/Storage | Discovered exit to Factory (range 5) 6973 | -8/Storage | Repaired Rocket Launcher 7163 | -8/Storage | Used back door to open Recycling access 7169 | -8/Storage | Entered Recycling 7460 | -8/Recycling | Destroyed by TS-23G(R) with Subdweller Machine Gun Last Messages --------------- 07355_ Sub. Beam Cannon melted. 07355_ R6-NI9(R) destroyed. 07356_ Overheating: Imp. Ion Engine damaged (-14). 07356_ Overheating: Hrd. Medium Armor Plating damaged (-69). 07356_ Overheating: Sub. Beam Cannon damaged (-26). 07360_ Lgt. Treads broken. 07360_ Overheating: Short circuit. 07368_ Acquired 10 matter. 07413_ Connecting with Recycling Unit... >>Retrieve(Components) Retrieving 2 components... Hpw. Shotgun Pulse Rifle >>Force(Tunnel) DISCOVERED[-8/Mines] 07453_ Sub. Beam Cannon shoots sparks and powers down. Map ----- +----------------------------------------------------+ | ?????????????????????????????????????? | | ?????????????????????????????????????? | | ?????????????????????????????????????? | | ?????????????????????????????????????? | | ?????????????????????????????????????? | | ?????????????????????????????????????? | | ?????????????????????????????????????? | | ?????????????????????????????????????? | | ?????????????????????????????????????? | | ?????????????????????????????????????? | | ?????????????????????????????????????? | | ?????????????????????????????????????? | | ?????????????????????????????????????? | | ?????????????????????????????????????? | | ?????????????????????????????????????? | | ?????????????????????????????????????? | | ?????????????????????????????????????? | | ??#############??????????????????????? | | ??# #??????????????????????? | | ??# """ #??????????????????????? | | ??# """"" #??????????????????????? | | ??# """"" #?#????????????????????? | | ??# """"" # ###+######???????????? | | ### """ # ????????? | | #"" R ????????? | | #"Y """ @# ????????? | | #"" [ """"" #?? ######"Y"??????????? | | ### [ """"" #??????????????????????? | | ??# """"" #??????????????????????? | | ??# """* #??????????????????????? | | ??# !%= #??????????????????????? | | ??#########+###??????????????????????? | | ??????????#!#???# #???????? | | ??######??#!#???# #???????? | | ??# #??# #???# #???????? | | ??# ####!##### #???????? | | ??# + %= + #???????? | | ??# ####= ## #???????? | | ??# # ## #???????? | | ??# + ## #???????? | | ??# # ### ## #???????? | | ??# ## ##?# ## #???????? | | ??# ## #??# ## ###?????? | | ??# ## #??# ##k l / ?????? | | ??# ## #### #########+#######?????? | | ??# ## # #??????????? | | ??# ## # ########### #??????????# | | ??####+##+"+#"#"T"##### #??????????# | | ?????# ## % %*# #######????# | | ?????# ## """"" + ?????# | +----------------------------------------------------+ Best States ------------- Heat Dissipation 55 Energy Generation 15 Energy Capacity 280 Matter Stores 300 Matter Capacity 300 Sight Range 16 Terrain Scan Density 10 Armor Coverage 300 Resistance: TH 10 Evasion (%) 55 Recoil Reduction 5 Item Schematics ----------------- None Robot Schematics ------------------ None Fabricated ------------ Nothing Repaired ---------- Rocket Launcher | 20% | -8/Storage Alien Tech Used ----------------- None Achievements -------------- None Challenges ------------ None Game ------ Seed MyomerPersonalDoomcannon Manual? 0 Play Time 00:53:30 Cumulative 475.3 hours Start 2025.06.23 @ 12:46:24 End 2025.06.23 @ 13:52:15 Sessions 1 Manual Loads 0 Difficulty Rogue Special Mode None Game No. 249 Rogue 186 Adventurer 63 Explorer 0 Win Type - Total 9 Types 8/0/0/1/0/0/0/0/0/0 Lore% 89 Gallery% 81 Achievement% 67 Wizard Run 0 Options --------- Layout 2 ASCII 0 Keyboard 1 Movement Numpad Keybinds 0 Fullscreen 2 Font 24/Terminus Map View 50x44 Zoom Use 0% Tactical HUD 1 Map Filters NONE Filters NONE Steam 1 RUN: d9636cf5-f480-47cc-bb8b-6006142134f4